General information
			
			
        
        - name: BNet
 
        - type: Ladder team game (AT/RT)
 
        - host: Battle.net
 
        - saver: AsianPresident
 
        
map: Battleground 
        - players: 8
 
        - length: 18:05
 
        - speed: Fast
 - version: 1.22 W3XP
 - replay type:  Public
 
» download(137 KB)
Players
        team 1 (loser) 
              
              
chantastic (
blue | 47 APM | 710 actions | 14:58)
              
 4 Demon Hunter 
 2 Evasion
 1 Immolation
 1 Mana Burn
 2 Priestess of the Moon 
 1 Trueshot Aura
 1 Scout
 
                » actions 
                
                | Assign group hotkey | 15 |  | 
| Basic commands | 19 |  | 
| Build / train | 58 |  | 
| Enter build submenu | 19 |  | 
| Enter hero's abilities submenu | 6 |  | 
| Give item / drop item | 4 |  | 
| Right click | 250 |  | 
| Select / deselect | 192 |  | 
| Select group hotkey | 78 |  | 
| Use ability | 69 |  | 
                710 total
 » units 
                
                | Wisp | 18 |  | 
| Archer | 10 |  | 
| Huntress | 1 |  | 
| Hippogryph | 5 |  | 
| Chimaera | 4 |  | 
                38 total
 » upgrades
                
                | Strength of the Moon | 1 |  | 
| Strength of the Wild | 1 |  | 
| Reinforced Hides | 1 |  | 
| Corrosive Breath | 1 |  | 
                4 total
 » buildings
                
                | Altar of Elders | 1 |  | 
| Moon Well | 6 |  | 
| Ancient of War | 1 |  | 
| Hunter's Hall | 1 |  | 
| Ancient Protector | 2 |  | 
| Tree of Ages | 1 |  | 
| Ancient of Wonders | 1 |  | 
| Tree of Life | 1 |  | 
| Ancient of Wind | 1 |  | 
| Tree of Eternity | 2 |  | 
| Chimaera Roost | 3 |  | 
                20 total
 » build order
                00:08 Altar of Elders
00:18 Moon Well
00:48 Ancient of War
01:33 Moon Well
01:57 Moon Well
02:24 Hunter's Hall
03:26 Ancient Protector
03:44 Moon Well
04:07 Ancient Protector
04:46 Tree of Ages
04:50 Moon Well
06:22 Ancient of Wonders
06:42 Tree of Life
07:36 Ancient of Wind
07:50 Tree of Eternity
10:19 Chimaera Roost
10:22 Chimaera Roost
10:24 Chimaera Roost
11:59 Moon Well
» items
                
                | Potion of Healing | 1 |  | 
| Moonstone | 1 |  | 
| Scroll of Town Portal | 1 |  | 
| Scroll of Regeneration | 1 |  | 
                4 total
  
               
              
              
» 
Nofun4u (
pink | 71 APM | 1110 actions | 15:39)
              
 3 Pandaren Brewmaster 
 2 Breath of Fire
 1 Drunken Brawler
 1 Naga Sea Witch 
 1 Frost Arrows
 
                » actions 
                
                | Assign group hotkey | 48 |  | 
| Build / train | 42 |  | 
| Enter build submenu | 16 |  | 
| Enter hero's abilities submenu | 4 |  | 
| Right click | 583 |  | 
| Select / deselect | 172 |  | 
| Select group hotkey | 213 |  | 
| Use ability | 32 |  | 
                1110 total
 » units 
                
                | Wisp | 12 |  | 
| Huntress | 7 |  | 
| Dryad | 4 |  | 
| Druid of the Claw | 5 |  | 
                28 total
 » upgrades
                
                | Abolish Magic | 1 |  | 
| Druid of the Claw Training | 2 |  | 
                3 total
 » buildings
                
                | Altar of Elders | 1 |  | 
| Moon Well | 7 |  | 
| Hunter's Hall | 1 |  | 
| Ancient of War | 1 |  | 
| Ancient Protector | 1 |  | 
| Ancient of Wonders | 1 |  | 
| Tree of Ages | 1 |  | 
| Ancient of Lore | 2 |  | 
| Tree of Eternity | 1 |  | 
                16 total
 » build order
                00:10 Altar of Elders
00:21 Moon Well
01:24 Hunter's Hall
01:53 Ancient of War
02:02 Moon Well
02:31 Ancient Protector
03:08 Ancient of Wonders
03:49 Tree of Ages
03:55 Moon Well
05:13 Moon Well
06:15 Ancient of Lore
06:19 Ancient of Lore
07:13 Moon Well
09:30 Tree of Eternity
09:53 Moon Well
15:24 Moon Well
» items
                
                | Lesser Clarity Potion | 1 |  | 
| Potion of Healing | 1 |  | 
| Scroll of Town Portal | 1 |  | 
                3 total
  
               
              
              
rainboy (
red | 72 APM | 1305 actions | 18:04)
              
 4 Archmage 
 2 Summon Water Elemental
 2 Brilliance Aura
 2 Blood Mage 
 1 Flame Strike
 1 Banish
 
                » actions 
                
                | Assign group hotkey | 34 |  | 
| Build / train | 73 |  | 
| Enter build submenu | 23 |  | 
| Enter hero's abilities submenu | 6 |  | 
| Give item / drop item | 4 |  | 
| Right click | 624 |  | 
| Select / deselect | 213 |  | 
| Select group hotkey | 203 |  | 
| Use ability | 125 |  | 
                1305 total
 » units 
                
                | Peasant | 12 |  | 
| Footman | 11 |  | 
| Sorceress | 5 |  | 
| Mortar Team | 6 |  | 
| Spell Breaker | 2 |  | 
| Siege Engine | 2 |  | 
                38 total
 » upgrades
                
                | Defend | 1 |  | 
| Lumber Harvesting | 1 |  | 
| Masonry | 1 |  | 
| Sorceress Training | 2 |  | 
| Fragmentation Shards | 1 |  | 
| Gunpowder | 1 |  | 
| Plating | 1 |  | 
| Flare | 1 |  | 
| Control Magic | 1 |  | 
| Barrage | 1 |  | 
                11 total
 » buildings
                
                | Altar of Kings | 1 |  | 
| Farm | 9 |  | 
| Barracks | 1 |  | 
| Scout Tower | 2 |  | 
| Arcane Vault | 1 |  | 
| Arcane Tower | 2 |  | 
| Lumber Mill | 1 |  | 
| Keep | 1 |  | 
| Blacksmith | 1 |  | 
| Castle | 1 |  | 
| Arcane Sanctum | 1 |  | 
| Workshop | 2 |  | 
                23 total
 » build order
                00:13 Altar of Kings
00:22 Farm
00:52 Barracks
00:59 Farm
01:37 Farm
01:50 Scout Tower
02:07 Arcane Vault
02:18 Arcane Tower
02:26 Farm
03:04 Scout Tower
03:50 Arcane Tower
03:55 Lumber Mill
05:05 Keep
05:24 Blacksmith
06:21 Farm
07:07 Farm
07:28 Castle
07:56 Arcane Sanctum
08:08 Workshop
08:12 Workshop
09:32 Farm
10:18 Farm
11:42 Farm
» items
                
                | Scroll of Regeneration | 4 |  | 
| Scroll of Town Portal | 4 |  | 
| Potion of Healing | 2 |  | 
                10 total
  
               
              
              
» 
Playmaker9101 (
green | 43 APM | 667 actions | 15:24)
              
 3 Paladin 
 2 Holy Light
 1 Divine Shield
 1 Pandaren Brewmaster 
 1 Breath of Fire
 
                » actions 
                
                | Basic commands | 3 |  | 
| Build / train | 37 |  | 
| Enter build submenu | 15 |  | 
| Enter hero's abilities submenu | 4 |  | 
| Right click | 408 |  | 
| Select / deselect | 156 |  | 
| Use ability | 44 |  | 
                667 total
 » units 
                
                | Peasant | 8 |  | 
| Footman | 8 |  | 
| Knight | 3 |  | 
| Priest | 2 |  | 
                21 total
 » upgrades
                
                | Plating | 2 |  | 
| Priest Training | 2 |  | 
| Swords | 2 |  | 
| Lumber Harvesting | 1 |  | 
| Animal War Training | 1 |  | 
                8 total
 » buildings
                
                | Altar of Kings | 1 |  | 
| Farm | 7 |  | 
| Barracks | 1 |  | 
| Lumber Mill | 1 |  | 
| Keep | 1 |  | 
| Blacksmith | 1 |  | 
| Arcane Vault | 1 |  | 
| Arcane Sanctum | 1 |  | 
| Castle | 1 |  | 
| Scout Tower | 1 |  | 
| Town Hall | 1 |  | 
                17 total
 » build order
                00:23 Altar of Kings
00:38 Farm
00:53 Barracks
01:08 Farm
01:50 Farm
02:04 Lumber Mill
02:31 Farm
03:49 Keep
03:52 Blacksmith
05:13 Farm
06:19 Arcane Vault
06:28 Arcane Sanctum
07:04 Castle
07:49 Farm
10:13 Farm
11:15 Scout Tower
12:57 Town Hall
 
               team 2 (winner) 
              
              
» 
itsallover (
yellow | 42 APM | 758 actions | 18:05)
              
 5 Mountain King 
 3 Storm Bolt
 2 Bash
 3 Paladin 
 1 Holy Light
 2 Devotion Aura
 1 Blood Mage 
 1 Flame Strike
 
                » actions 
                
                | Assign group hotkey | 27 |  | 
| Basic commands | 153 |  | 
| Build / train | 43 |  | 
| Enter build submenu | 19 |  | 
| Enter hero's abilities submenu | 9 |  | 
| Right click | 155 |  | 
| Select / deselect | 174 |  | 
| Select group hotkey | 141 |  | 
| Use ability | 37 |  | 
                758 total
 » units 
                » upgrades
                
                | Gunpowder | 2 |  | 
| Armor | 2 |  | 
| Long Rifles | 1 |  | 
| Lumber Harvesting | 1 |  | 
| Animal War Training | 1 |  | 
| Swords | 2 |  | 
| Plating | 1 |  | 
                10 total
 » buildings
                
                | Farm | 11 |  | 
| Altar of Kings | 1 |  | 
| Barracks | 3 |  | 
| Blacksmith | 1 |  | 
| Keep | 1 |  | 
| Town Hall | 1 |  | 
| Castle | 1 |  | 
| Lumber Mill | 1 |  | 
                20 total
 » build order
                00:52 Farm
00:57 Altar of Kings
01:00 Barracks
01:23 Barracks
01:51 Farm
02:24 Blacksmith
02:30 Farm
02:33 Farm
03:07 Farm
03:43 Farm
05:32 Keep
07:25 Town Hall
08:01 Castle
08:05 Lumber Mill
09:38 Farm
09:41 Farm
09:44 Farm
10:17 Barracks
10:22 Farm
17:17 Farm
 
               
              
              
» 
AsianPresident (
orange | 112 APM | 2032 actions | 18:05)
              
 6 Death Knight 
 3 Death Coil
 3 Unholy Aura
 4 Lich 
 2 Frost Nova
 2 Frost Armor
 
                » actions 
                
                | Assign group hotkey | 19 |  | 
| Basic commands | 126 |  | 
| Build / train | 53 |  | 
| Enter build submenu | 15 |  | 
| Enter hero's abilities submenu | 10 |  | 
| Right click | 823 |  | 
| Select / deselect | 455 |  | 
| Select group hotkey | 443 |  | 
| Use ability | 88 |  | 
                2032 total
 » units 
                
                | Acolyte | 7 |  | 
| Ghoul | 3 |  | 
| Crypt Fiend | 12 |  | 
| Frost Wyrm | 3 |  | 
                25 total
 » upgrades
                
                | Creature Attack | 1 |  | 
| Web | 1 |  | 
| Burrow | 1 |  | 
| Creature Carapace | 1 |  | 
                4 total
 » buildings
                
                | Crypt | 2 |  | 
| Graveyard | 1 |  | 
| Altar of Darkness | 1 |  | 
| Ziggurat | 7 |  | 
| Tomb of Relics | 1 |  | 
| Halls of the Dead | 1 |  | 
| Spirit Tower | 1 |  | 
| Black Citadel | 1 |  | 
| Sacrificial Pit | 1 |  | 
| Boneyard | 1 |  | 
                17 total
 » build order
                00:08 Crypt
00:12 Crypt
00:21 Graveyard
00:43 Altar of Darkness
00:59 Ziggurat
01:25 Tomb of Relics
02:04 Ziggurat
04:17 Halls of the Dead
04:23 Ziggurat
05:19 Ziggurat
07:26 Spirit Tower
08:27 Black Citadel
09:13 Sacrificial Pit
09:37 Ziggurat
11:22 Boneyard
15:34 Ziggurat
16:57 Ziggurat
» items
                
                | Rod of Necromancy | 2 |  | 
| Scroll of Healing | 1 |  | 
| Scroll of Town Portal | 2 |  | 
| Potion of Mana | 2 |  | 
| Orb of Corruption | 1 |  | 
                8 total
  
               
              
              
blackshad0w (
teal | 65 APM | 1183 actions | 18:05)
              
 3 Archmage 
 1 Summon Water Elemental
 2 Brilliance Aura
 
                » actions 
                
                | Assign group hotkey | 159 |  | 
| Basic commands | 10 |  | 
| Build / train | 54 |  | 
| Enter build submenu | 27 |  | 
| Enter hero's abilities submenu | 3 |  | 
| Remove unit from queue | 4 |  | 
| Right click | 311 |  | 
| Select / deselect | 397 |  | 
| Select group hotkey | 160 |  | 
| Use ability | 58 |  | 
                1183 total
 » units 
                
                | Peasant | 8 |  | 
| Mortar Team | 13 |  | 
| Sorceress | 9 |  | 
                30 total
 » upgrades
                
                | Gunpowder | 3 |  | 
| Lumber Harvesting | 1 |  | 
| Flare | 1 |  | 
| Fragmentation Shards | 1 |  | 
| Armor | 1 |  | 
| Sorceress Training | 1 |  | 
                8 total
 » buildings
                
                | Altar of Kings | 1 |  | 
| Farm | 15 |  | 
| Lumber Mill | 2 |  | 
| Barracks | 1 |  | 
| Blacksmith | 1 |  | 
| Keep | 4 |  | 
| Castle | 2 |  | 
| Workshop | 2 |  | 
| Arcane Sanctum | 1 |  | 
| Arcane Vault | 1 |  | 
                30 total
 » build order
                00:06 Altar of Kings
00:08 Farm
00:47 Farm
00:56 Lumber Mill
01:29 Barracks
01:57 Farm
02:01 Blacksmith
02:49 Keep
02:49 Keep
02:50 Keep
02:59 Farm
05:12 Castle
05:12 Castle
05:16 Workshop
05:20 Workshop
06:55 Farm
07:41 Farm
08:35 Arcane Sanctum
09:23 Farm
09:29 Lumber Mill
10:07 Farm
10:57 Farm
11:50 Farm
12:37 Farm
12:46 Arcane Vault
13:17 Farm
13:58 Farm
14:44 Farm
15:25 Farm
 
               
              
              
bigwata (
purple | 53 APM | 961 actions | 18:05)
              
 4 Demon Hunter 
 2 Immolation
 2 Evasion
 3 Priestess of the Moon 
 2 Trueshot Aura
 1 Searing Arrows
 
                » actions 
                
                | Assign group hotkey | 52 |  | 
| Basic commands | 77 |  | 
| Build / train | 69 |  | 
| Enter build submenu | 19 |  | 
| Enter hero's abilities submenu | 7 |  | 
| Right click | 186 |  | 
| Select / deselect | 183 |  | 
| Select group hotkey | 323 |  | 
| Use ability | 45 |  | 
                961 total
 » units 
                
                | Wisp | 21 |  | 
| Archer | 12 |  | 
| Huntress | 4 |  | 
| Hippogryph | 4 |  | 
                41 total
 » upgrades
                
                | Strength of the Moon | 3 |  | 
| Moon Armor | 3 |  | 
| Improved Bows | 1 |  | 
| Sentinel | 1 |  | 
| Ultravision | 1 |  | 
| Upgrade Moon Glaive | 1 |  | 
| Marksmanship | 1 |  | 
| Hippogryph Taming | 1 |  | 
| Well Spring | 1 |  | 
                13 total
 » buildings
                
                | Moon Well | 8 |  | 
| Altar of Elders | 1 |  | 
| Ancient of War | 3 |  | 
| Hunter's Hall | 1 |  | 
| Ancient of Wonders | 1 |  | 
| Ancient Protector | 1 |  | 
| Tree of Ages | 1 |  | 
| Tree of Life | 1 |  | 
| Tree of Eternity | 1 |  | 
| Ancient of Wind | 2 |  | 
                20 total
 » build order
                00:12 Moon Well
00:19 Altar of Elders
01:04 Ancient of War
01:23 Moon Well
03:50 Moon Well
03:57 Hunter's Hall
04:18 Ancient of Wonders
04:51 Moon Well
05:15 Ancient Protector
05:32 Tree of Ages
08:18 Ancient of War
08:43 Tree of Life
09:34 Moon Well
10:08 Tree of Eternity
11:31 Ancient of Wind
12:54 Ancient of Wind
13:06 Moon Well
15:35 Ancient of War
15:38 Moon Well
15:40 Moon Well
» items
                
                | Potion of Healing | 1 |  | 
| Orb of Venom | 1 |  | 
| Scroll of Town Portal | 2 |  | 
                4 total
  
                Chat log
          (00:15 / Allies) blackshad0w: rush?
(00:18 / Allies) AsianPresident: nah
(00:22 / Allies) itsallover: cc
(00:27 / Allies) blackshad0w: ok then i get mort and tank
(07:15 / Allies) blackshad0w: need lumber
(07:54 / Allies) bigwata: get the invisible morts
(08:00 / Allies) blackshad0w: ok
(08:01 / Allies) bigwata: wtf oj
(08:16 / Allies) AsianPresident: run rd
(08:49 / Allies) AsianPresident: b
(08:59 / Allies) AsianPresident: fogjt
(09:50 / Allies) bigwata: counter ?
(13:22 / Allies) bigwata: morts potm =vicious combo
(13:28 / Allies) AsianPresident: come
(13:50 / Allies) bigwata: wood plz
(14:08 / Allies) bigwata: teal
(15:02 / All) Playmaker9101: lol g
(15:12 / Allies) bigwata: ty